 Dungeon Crawl Stone Soup version 0.24.1 (webtiles) character file.

Game seed: 8672548322332914367, levelgen mode: deterministic

310352 Peloso the Hoplite (level 20, -5/188 HPs)
             Began as a Minotaur Fighter on Mar 30, 2020.
             Was the Champion of Okawaru.
             Slain by a fire giant
             ... wielding a +1 great sword of flaming
              (11 damage)
             ... on level 1 of the Vaults.
             The game lasted 02:34:56 (52394 turns).

Peloso the Hoplite (Minotaur Fighter)              Turns: 52394, Time: 02:34:56

Health: -5/188     AC: 23    Str: 32    XL:     20   Next: 39%
Magic:  0/18       EV: 17    Int:  5    God:    Okawaru [******]
Gold:   2518       SH: 28    Dex: 17    Spells: 19/19 levels left

rFire    + + +     SeeInvis .   b - +5 demon blade of Gere {flame, rF+ Dex+4}
rCold    + + .     Gourm    .   W - +0 large shield {reflect}
rNeg     + . .     Faith    +   h - +1 chain mail of Generosity {rF+ rC+ MR+}
rPois    +         Spirit   +   P - +2 hat of the Bear Spirit {Spirit, +Rage rN+ MR++}
rElec    .         Reflect  +   y - scarf {rC+ rF+}
rCorr    .         Harm     .   Z - +1 pair of gloves
MR       ++++.                  i - +0 pair of boots
Stlth    +.........             s - amulet of faith
HPRegen  0.41/turn              N - +5 ring of strength
MPRegen  0.16/turn              L - ring of poison resistance

@: heroism
A: retaliatory headbutt, horns 2, low mp 1
}: 2/15 runes: barnacled, gossamer
a: Heroism, Finesse, Renounce Religion, Evoke Berserk Rage


You were on level 1 of the Vaults.
You worshipped Okawaru.
Okawaru was exalted by your worship.
You were hungry.

You visited 8 branches of the dungeon, and saw 36 of its levels.
You also visited: Ice Cave and Volcano.

You collected 4543 gold pieces.
You spent 2025 gold pieces at shops.

Inventory:

Hand Weapons
 a - a +6 double sword of electrocution
 b - the +5 demon blade of Gere (weapon) {flame, rF+ Dex+4}
   (Okawaru gifted it to you on level 4 of the Spider Nest)

   It has been specially enchanted to burn those struck by it, causing extra
   injury to most foes and up to half again as much damage against particularly
   susceptible opponents.
   Big, fiery blades are also staple armaments of hydra-hunters.
   It affects your dexterity (+4).
   It protects you from fire.
 e - a +0 double sword of pain
 l - the +3 dagger of Fuutz {speed, MR+ Stlth+, unknown}
   (You found it on level 1 of the Vaults)

   Attacks with this weapon are significantly faster.
   It affects your resistance to hostile enchantments.
   It makes you more stealthy.
Armour
 h - the +1 chain mail of Generosity (worn) {rF+ rC+ MR+}
   (Okawaru gifted it to you on level 2 of the Elven Halls)

   It protects you from fire.
   It protects you from cold.
   It affects your resistance to hostile enchantments.
 i - a +0 pair of boots (worn)
 u - a +2 plate armour of fire resistance
 y - a scarf of resistance (worn)
 P - the +2 hat of the Bear Spirit (worn) {Spirit, +Rage rN+ MR++}
   (Okawaru gifted it to you on level 2 of the Shoals)

   It protects you from negative energy.
   It affects your resistance to hostile enchantments.
   It lets you go berserk.
 W - a +0 large shield of reflection (worn)
 Z - a +1 pair of gloves (worn)
Jewellery
 c - the ring of Tuqoameu {*Tele rElec rPois rF+ Str-5}
   (You took it off a deep elf demonologist on level 3 of the Elven Halls)

   [ring of teleportation]

   It may teleport you next to monsters.
   It affects your strength (-5).
   It protects you from fire.
   It insulates you from electricity.
   It protects you from poison.
 s - an amulet of faith (around neck)
 A - an uncursed ring of resist corrosion
 J - an uncursed ring of see invisible
 L - a ring of poison resistance (right hand)
 N - a +5 ring of strength (left hand)
 X - an uncursed ring of protection from fire
Wands
 B - a wand of digging (1)
Scrolls
 k - 11 scrolls of identify
 o - 3 scrolls of blinking
 p - 15 scrolls of remove curse
 r - a scroll of noise
 v - 7 scrolls of magic mapping
 w - 7 scrolls of teleportation
 Q - 2 scrolls of fear
Potions
 d - 4 potions of might
 m - a potion of brilliance
 n - 6 potions of flight
 t - 14 potions of curing
 C - 2 potions of resistance
 D - 2 potions of agility
 H - 6 potions of berserk rage
Miscellaneous
 g - a crystal ball of energy
 q - a sack of spiders
Comestibles
 f - 55 rations


   Skills:
 + Level 18.2(23.2) Fighting
 + Level 19.6(24.6) Long Blades
 + Level 16.7(21.7) Armour
 + Level 5.3(10.3) Dodging
 + Level 2.0(7.0) Stealth
 + Level 26.6(27) Shields
 + Level 2.7 Invocations
 + Level 0.1 Evocations


You had 19 spell levels left.
You didn't know any spells.
Your spell library contained the following spells:

 Spells                   Type           Power        Failure   Level  Hunger
 Animate Skeleton         Necr           N/A          77%         1    ##.....
 Corona                   Hex            #......      77%         1    ##.....
 Flame Tongue             Conj/Fire      #....        77%         1    ##.....
 Freeze                   Ice            #...         77%         1    ##.....
 Magic Dart               Conj           #...         77%         1    ##.....
 Pain                     Necr           #...         77%         1    ##.....
 Shock                    Conj/Air       #...         77%         1    ##.....
 Sting                    Conj/Pois      #...         77%         1    ##.....
 Summon Small Mammal      Summ           #...         77%         1    ##.....
 Blink                    Tloc           N/A          88%         2    ###....
 Call Imp                 Summ           #.......     88%         2    ###....
 Ensorcelled Hibernation  Hex/Ice        #.....       88%         2    ###....
 Poisonous Vapours        Pois/Air       #.....       88%         2    ###....
 Searing Ray              Conj           #.....       88%         2    ###....
 Shroud of Golubria       Chrm/Tloc      #.....       88%         2    ###....
 Slow                     Hex            #.......     88%         2    ###....
 Song of Slaying          Chrm           #.......     88%         2    ###....
 Swiftness                Chrm/Air       #.......     88%         2    ###....
 Throw Frost              Conj/Ice       #.....       88%         2    ###....
 Conjure Flame            Conj/Fire      #.......     98%         3    ####...
 Inner Flame              Hex/Fire       #.......     98%         3    ####...
 Mephitic Cloud           Conj/Pois/Air  #.......     98%         3    ####...
 Ozocubu's Armour         Chrm/Ice       #.......     98%         3    ####...
 Portal Projectile        Hex/Tloc       #.....       98%         3    ####...
 Regeneration             Chrm/Necr      #.........   98%         3    ####...
 Static Discharge         Conj/Air       #.......     98%         3    ####...
 Vampiric Draining        Necr           #.........   98%         3    ####...
 Airstrike                Air            #.........   100%        4    #####..
 Animate Dead             Necr           N/A          100%        4    #####..
 Cause Fear               Hex            #.........   100%        4    #####..
 Leda's Liquefaction      Hex/Erth       #.........   100%        4    #####..
 Olgreb's Toxic Radiance  Pois           #.......     100%        4    #####..
 Sticky Flame             Conj/Fire      #.......     100%        4    #####..
 Summon Ice Beast         Ice/Summ       #.......     100%        4    #####..
 Throw Icicle             Conj/Ice       #.......     100%        4    #####..
 Bolt of Draining         Conj/Necr      #.........   100%        5    ######.
 Borgnjor's Vile Clutch   Necr/Erth      #.........   100%        5    ######.
 Dispel Undead            Necr           #.......     100%        5    ######.
 Fireball                 Conj/Fire      #.........   100%        5    ######.
 Irradiate                Conj/Tmut      #.........   100%        5    ######.
 Lightning Bolt           Conj/Air       #.........   100%        5    ######.
 Silence                  Hex/Air        #.........   100%        5    ######.
 Summon Demon             Summ           #.........   100%        5    ######.
 Venom Bolt               Conj/Pois      #.........   100%        5    ######.
 Conjure Ball Lightning   Conj/Air       #.........   100%        6    #######
 Darkness                 Hex            #.........   100%        6    #######
 Freezing Cloud           Conj/Ice/Air   #.........   100%        6    #######
 Hydra Form               Tmut           #.........   100%        6    #######
 Shadow Creatures         Summ           N/A          100%        6    #######
 Statue Form              Tmut/Erth      #........    100%        6    #######
 Dragon Form              Tmut           #.........   100%        7    #######
 Haunt                    Necr/Summ      #.........   100%        7    #######
 Spellforged Servitor     Conj/Summ      #.........   100%        7    #######
 Summon Hydra             Summ           #.........   100%        7    #######
 Borgnjor's Revivificati  Necr           #.........   100%        8    #######
 Death's Door             Chrm/Necr      #.........   100%        8    #######
 Infestation              Necr           #.........   100%        8    #######
 Necromutation            Tmut/Necr      #.........   100%        8    #######


Dungeon Overview and Level Annotations

Branches:
Dungeon (15/15)            Temple (1/1) D:7            Lair (6/6) D:9
 Shoals (4/4) Lair:4       Spider (4/4) Lair:3        Slime (0/5) Lair:5
    Orc (2/2) D:12            Elf (3/3) Orc:2        Vaults (1/5) D:13
 Depths (0/5) D:15          IceCv (visited)         Volcano (visited)

Altars:
Fedhas
Gozag
Hepliaklqana
Kikubaaqudgha
Nemelex Xobeh
Okawaru
Qazlal
Sif Muna
Uskayaw
Vehumet
Wu Jian
Xom

Shops:
D:8 (   D:10 }   Orc:2 ?=*=!   Elf:2 (   Shoals:1 *   Shoals:3 *([((
Vaults:1 *

Annotations:
Shoals:1 1 runed translucent door, Thomus's ghost, adept MiBe
Shoals:4 2 runed translucent doors, FishyPogo's ghost, adept DsGl


Innate Abilities, Weirdness & Mutations

You reflexively headbutt those who attack you in melee.
You have a pair of horns on your head.
Your magical capacity is low. (-10% MP)


Message History

Unknown command.
You hit the vampire knight but do no damage.
You headbutt the vampire knight, but do no damage.
The vampire knight is almost destroyed.
You block the vault sentinel's attack.
You block the vampire knight's attack. x2
You block the fire giant's attack.
Unknown command.
You hit the vampire knight but do no damage.
You headbutt the vampire knight.
The vampire knight is almost destroyed.
You block the yaktaur's attack.
Unknown command.
You hit the vampire knight. You burn the vampire knight.
Your headbutt misses the vampire knight.
The vampire knight is almost destroyed.
You block the vampire knight's attack. x2
The vault sentinel hits you with a +0 morningstar!
* * * LOW HITPOINT WARNING * * *
The fire giant hits you with a +1 great sword of flaming!
You die...

...#....# #..'..#..#..##...
####.^..##......#..#..#..#..##...
........##......#..#..#..#..##...
###.....##......#..#..#..#..##...
..'.....##......#..#..#..#..##...
>.#.....##......#..#..#..#..##...
..#.....##......#..##'# #..##...
'##.....##.....c#..#.[#..#..##...
.##.....##.....p@C.#..#..#.))'...
###.....##.....)V(.#.)#..#.).#...
..#.....##......#).#..#..#..##...
..#.....##(.....#.(##'#..#..##...
###.†...##......#..#..#..#..##...
........##......#..#..#..#..##...
........##......#..#..#..#..##...
........##......#..#..#..#..##...
........# #..#..#)[#..##...


You could see a fire giant, a vampire knight, a vault sentinel and a yaktaur.

Vanquished Creatures
  Arachne (Spider:2)
  3 deep elf blademasters
  2 deep elf master archers (Elf:3)
  A sphinx (Vaults:1)
  The ghost of sneaky the Earth Mage, an adept GrEE of Vehumet (Spider:4)
  The ghost of Ifythroe the Crack Shot, an adept CeHu of Gozag (Spider:3)
  A tengu reaver (Vaults:1)
  A storm dragon (Vaults:1)
  Ilsuiw (Shoals:4)
  2 frost giants
  7 ghost moths
  5 deep elf sorcerers
  The ghost of Saltbearer the Impaler, a journeyman FoAK of Lugonu (Orc:1)
  An orc warlord (Vaults:1)
  5 emperor scorpions
  An ironheart preserver (Vaults:1)
  6 deep elf elementalists
  2 entropy weavers
  3 deep elf demonologists (Elf:3)
  A stone giant (Vaults:1)
  4 spark wasps
  7 deep elf annihilators
  A purple draconian (Vaults:1)
  2 ettins (Vaults:1)
  Snorg (D:12)
  6 merfolk javelineers
  8 deep elf death magi
  A fire dragon (D:15)
  2 deep elf high priests (Elf:3)
  5 yaktaur captains (Vaults:1)
  Josephine (Orc:1)
  5 merfolk impalers (Shoals:4)
  Fannar (D:10)
  7 vault guards
  6 hydras
  A catoblepas (D:13)
  4 merfolk aquamancers (Shoals:4)
  Erica (D:8)
  A death knight (D:15)
  2 alligator snapping turtles (Shoals:4)
  3 centaur warriors
  2 merfolk avatars
  An ogre mage (D:15)
  21 dancing weapons
  4 two-headed ogres
  9 death yaks
  6 orc high priests
  2 tengu warriors (D:15)
  A vampire mage (Vaults:1)
  17 deep elf knights
  2 fire crabs
  A skeletal warrior (D:15)
  3 unseen horrors
  11 sea snakes
  2 swamp dragons (Vaults:1)
  2 wizards
  A glowing orange brain (D:15)
  An orange crystal statue (D:15)
  A lindwurm (Volcano)
  A phantasmal warrior (D:15)
  19 harpies
  4 ironbrand convokers (Vaults:1)
  6 deep elf archers
  12 orc knights
  17 orb spiders
  48 deep elf magi
  10 fauns
  A necromancer (Elf:1)
  16 ugly things
  38 wolf spiders
  An orc sorcerer (Elf:1)
  3 cyclopes
  14 manticores
  A manticore (shapeshifter) (D:15)
  2 moths of wrath
  11 merfolk sirens
  6 elephants (Lair:3)
  7 water nymphs
  A guardian serpent (Lair:6)
  A guardian serpent (shapeshifter) (Elf:2)
  4 vault sentinels (Vaults:1)
  5 black mambas
  2 ice statues (IceCv)
  Psyche (D:10)
  4 gargoyles
  2 torpor snails
  An eye of devastation (Vaults:1)
  21 spiny frogs
  2 efreet
  A rime drake (Lair:3)
  3 freezing wraiths
  6 komodo dragons
  5 yaktaurs
  17 demonic crawlers
  28 merfolk
  32 jumping spiders
  9 trolls
  A queen bee (Lair:3)
  A jumping spider (shapeshifter) (D:15)
  2 polar bears
  9 wind drakes
  3 meliai (D:15)
  A troll (shapeshifter) (D:15)
  7 snapping turtles
  15 hippogriffs
  12 hornets
  9 blink frogs
  9 slime creatures
  4 dream sheep (Shoals:2)
  90 redbacks
  A tarantella (shapeshifter) (D:15)
  3 vampires
  10 water elementals
  Sigmund (D:6)
  A shadow (D:12)
  2 air elementals
  A spriggan (shapeshifter) (Vaults:1)
  37 yaks
  30 tarantellas
  15 wyverns
  2 fire elementals
  A human (shapeshifter) (D:15)
  8 wraiths
  4 hogs (D:7)
  8 basilisks
  11 humans
  4 large abominations
  Grum (D:10)
  5 fire bats (Volcano)
  A hungry ghost (D:14)
  2 steam dragons (Volcano)
  6 vampire mosquitoes (D:14)
  2 wargs
  A soldier ant (D:14)
  A swamp worm (shapeshifter) (Elf:1)
  23 water moccasins
  32 orc warriors
  12 porcupines
  17 ice beasts
  5 sky beasts
  An eye of draining (D:15)
  A black bear (D:12)
  3 necrophages
  7 wolves
  3 phantoms
  11 centaurs
  13 ogres
  11 crocodiles
  4 elf zombies (Elf:1)
  5 big kobolds
  20 bullfrogs
  A gnoll sergeant (D:9)
  4 earth elementals
  A wyvern skeleton (D:11)
  5 scorpions
  35 killer bees
  10 wights (D:8)
  2 electric eels (Lair:1)
  7 howler monkeys
  7 crimson imps
  3 hounds
  5 centaur zombies
  5 jellies
  Crazy Yiuf (D:4)
  2 bullfrog zombies
  2 quasits
  8 centaur skeletons
  30 orc priests
  2 bullfrog skeletons (D:8)
  20 orc wizards
  Jessica (D:2)
  Terence (D:3)
  7 iguanas
  8 worker ants
  A hound skeleton (D:4)
  A worker ant zombie (D:11)
  8 gnolls
  12 adders
  2 howler monkey skeletons (D:5)
  A river rat (Lair:3)
  4 shadow imps
  An adder zombie (D:6)
  3 oozes
  6 worms
  5 dart slugs
  10 leopard geckos
  111 orcs
  6 giant cockroaches
  12 hobgoblins
  11 jackals
  25 kobolds
  7 quokkas
  2 ball pythons
  6 bats
  2 frilled lizards
  A giant cockroach zombie (D:5)
  7 goblins
  A jackal zombie (D:6)
  A quokka skeleton (D:8)
  5 rats
  A fungus (Lair:3)
  A plant (Shoals:4)
  3 tentacles (Shoals:1)
1476 creatures vanquished.

Vanquished Creatures (collateral kills)
  A merfolk (Shoals:3)
1 creature vanquished.

Vanquished Creatures (others)
  A stone giant (Vaults:1)
  Nessos (D:14)
  3 satyrs
  A deep elf knight (Elf:3)
  2 deep elf archers (Elf:2)
  An orb spider (Spider:1)
  2 cyclopes
  2 deep elf magi (Elf:2)
  A manticore (Shoals:3)
  5 fauns (Shoals:3)
  A demonic crawler (Spider:4)
  A tarantella (Spider:4)
  A redback (Spider:2)
  A human (D:13)
  2 orc warriors
  4 centaurs (D:15)
  2 orcs
  17 fungi
  19 plants
  19 tentacles (Shoals:1)
86 creatures vanquished.

Grand Total: 1563 creatures vanquished

Notes
Turn   | Place    | Note
-------+----------+-------------------------------------------
     0 | D:1      | Peloso the Minotaur Fighter began the quest for the Orb.
     0 | D:1      | Reached XP level 1. HP: 19/19 MP: 0/0
   149 | D:1      | Reached XP level 2. HP: 19/27 MP: 1/1
   197 | D:1      | Reached skill level 4 in Shields
   686 | D:1      | Reached XP level 3. HP: 33/33 MP: 2/2
  1185 | D:2      | Noticed Jessica
  1189 | D:2      | Killed Jessica
  1189 | D:2      | Reached XP level 4. HP: 40/40 MP: 3/3
  1667 | D:2      | Reached XP level 5. HP: 46/46 MP: 4/4
  2102 | D:3      | Noticed Terence
  2118 | D:3      | Killed Terence
  2118 | D:3      | Reached skill level 5 in Shields
  2160 | D:3      | Found a blossoming altar of Fedhas.
  2206 | D:3      | Reached skill level 1 in Dodging
  2206 | D:3      | Reached XP level 6. HP: 31/53 MP: 5/5
  2318 | D:3      | Found a stormy altar of Qazlal.
  2380 | D:3      | Found an iron altar of Okawaru.
  2393 | D:3      | Became a worshipper of Warmaster Okawaru
  2504 | D:3      | Reached skill level 5 in Long Blades
  2722 | D:4      | Reached skill level 5 in Armour
  3005 | D:4      | Found an opulent altar of Gozag.
  3088 | D:4      | Found a runed translucent door.
  3088 | D:4      | Noticed Crazy Yiuf
  3095 | D:4      | Killed Crazy Yiuf
  3199 | D:4      | Reached XP level 7. HP: 58/60 MP: 6/6
  3252 | D:4      | Reached skill level 5 in Fighting
  3470 | D:5      | Entered Level 5 of the Dungeon
  3481 | D:5      | Reached * piety under Okawaru
  3481 | D:5      | Reached skill level 6 in Shields
  3542 | D:5      | Found an ancient bone altar of Kikubaaqudgha.
  3652 | D:5      | Found a shimmering altar of Xom.
  3712 | D:5      | Reached XP level 8. HP: 68/68 MP: 7/7
  3769 | D:5      | Reached skill level 7 in Shields
  4170 | D:5      | Reached ** piety under Okawaru
  4502 | D:5      | Found a radiant altar of Vehumet.
  4711 | D:6      | Reached skill level 8 in Shields
  5032 | D:6      | Found a hazy altar of Hepliaklqana.
  5144 | D:6      | Found a hide-covered altar of Uskayaw.
  5145 | D:6      | Noticed a +0 dagger
  5145 | D:6      | Noticed a +0 hand axe
  5322 | D:6      | Noticed Sigmund
  5341 | D:6      | Killed Sigmund
  5341 | D:6      | Reached XP level 9. HP: 72/75 MP: 6/8
  5393 | D:6      | Found an ornate altar of the Wu Jian Council.
  5427 | D:7      | Found a staircase to the Ecumenical Temple.
  5444 | D:7      | Reached skill level 9 in Shields
  5675 | D:7      | Reached *** piety under Okawaru
  5812 | D:7      | Reached skill level 10 in Long Blades
  6102 | D:7      | Reached skill level 10 in Shields
  6231 | D:7      | Identified a scroll of acquirement
  6284 | D:8      | Found Byrus's Weapon Shoppe.
  6311 | D:8      | Noticed Erica
  6329 | D:8      | Killed Erica
  6329 | D:8      | Reached **** piety under Okawaru
  6329 | D:8      | Reached XP level 10. HP: 59/86 MP: 9/9
  6543 | D:8      | Identified the Almanac of Creative Aid
  6770 | D:8      | Reached ***** piety under Okawaru
  6841 | D:8      | Reached skill level 11 in Shields
  7317 | D:9      | Found a sparkling altar of Nemelex Xobeh.
  7425 | D:9      | Noticed a death yak
  7425 | D:9      | Noticed a death yak
  7438 | D:9      | Killed a death yak
  7444 | D:9      | Noticed a death yak
  7457 | D:9      | Killed a death yak
  7457 | D:9      | Received a gift from Okawaru
  7470 | D:9      | Killed a death yak
  7470 | D:9      | Reached skill level 12 in Shields
  7479 | D:9      | Reached XP level 11. HP: 49/94 MP: 10/10
  7506 | D:9      | Found a staircase to the Lair.
  8018 | D:10     | Entered Level 10 of the Dungeon
  8038 | D:10     | Noticed Psyche
  8055 | D:10     | Killed Psyche
  8116 | D:10     | Found a blossoming altar of Fedhas.
  8230 | D:10     | Found Baihune's Gadget Emporium.
  8289 | D:10     | Noticed Fannar
  8312 | D:10     | Killed Fannar
  8341 | D:10     | Reached skill level 13 in Shields
  8707 | D:10     | Noticed Grum
  8721 | D:10     | Killed Grum
  9058 | D:11     | Received a gift from Okawaru
  9067 | D:11     | Noticed a purple ugly thing
  9078 | D:11     | Killed a purple ugly thing
  9145 | D:11     | Killed an unseen horror
  9262 | D:11     | Noticed a red ugly thing
  9272 | D:11     | Killed a red ugly thing
  9298 | D:11     | Reached ****** piety under Okawaru
  9330 | D:11     | Reached XP level 12. HP: 102/104 MP: 11/11
  9355 | D:11     | Received a gift from Okawaru
  9442 | D:11     | Reached skill level 14 in Shields
  9814 | D:12     | Found a staircase to the Orcish Mines.
 10083 | D:12     | Noticed Snorg
 10083 | D:12     | You fall into a shaft and drop 3 floors!
 10083 | D:15     | Entered Level 15 of the Dungeon
 10083 | D:15     | Noticed an ogre mage
 10083 | D:15     | Noticed a two-headed ogre
 10084 | D:15     | Noticed a two-headed ogre
 10084 | D:15     | Noticed a two-headed ogre
 10178 | D:13     | Noticed a centaur warrior
 10390 | D:13     | Noticed a two-headed ogre
 10395 | D:13     | Killed a centaur warrior
 10395 | D:13     | Received a gift from Okawaru
 10402 | D:13     | Killed a two-headed ogre
 10402 | D:13     | Reached skill level 10 in Fighting
 10402 | D:13     | Reached skill level 15 in Shields
 10562 | D:13     | Reached skill level 1 in Stealth
 10650 | D:13     | Noticed a catoblepas
 10684 | D:13     | Killed a catoblepas
 10684 | D:13     | Received a gift from Okawaru
 11181 | D:12     | Reached skill level 10 in Armour
 11348 | D:12     | HP: 3/106 [Snorg (16)]
 11363 | D:12     | Killed Snorg
 11702 | Lair:1   | Entered Level 1 of the Lair of Beasts
 11798 | Lair:1   | Noticed a seven-headed hydra
 11808 | Lair:1   | Killed a three-headed hydra
 11808 | Lair:1   | Reached XP level 13. HP: 102/114 MP: 12/12
 11833 | Lair:1   | Reached skill level 16 in Shields
 11846 | Lair:1   | Reached skill level 1 in Invocations
 12785 | Lair:2   | Reached skill level 15 in Long Blades
 12797 | Lair:2   | Received a gift from Okawaru
 13772 | Lair:3   | Reached skill level 17 in Shields
 13815 | Lair:3   | Got a fine glass ring
 13817 | Lair:3   | Identified the ring "Teschep" {+Fly Stlth+} (You found it
                  | on level 3 of the Lair of Beasts)
 14196 | Lair:3   | Found a hole to the Spider Nest.
 14201 | Lair:3   | Received a gift from Okawaru
 14822 | Lair:4   | Found a dark tunnel.
 14831 | Volcano  | Entered a volcano
 15153 | Lair:4   | Reached XP level 14. HP: 119/125 MP: 13/13
 15183 | Lair:4   | Reached skill level 18 in Shields
 15264 | Lair:4   | Found a staircase to the Shoals.
 16434 | Lair:5   | Found a staircase to the Slime Pits.
 17289 | Lair:6   | Entered Level 6 of the Lair of Beasts
 17380 | Lair:6   | Found a frozen archway.
 17516 | IceCv    | Entered an ice cave
 17539 | IceCv    | Found a transporter.
 17550 | IceCv    | Found a transporter.
 17724 | Lair:6   | Received a gift from Okawaru
 17814 | Lair:6   | Reached skill level 19 in Shields
 19459 | Temple   | Entered the Ecumenical Temple
 19689 | D:10     | Bought a wand of digging (7) for 308 gold pieces
 20169 | Orc:1    | Entered Level 1 of the Orcish Mines
 20222 | Orc:1    | Noticed Josephine
 20235 | Orc:1    | Killed Josephine
 20235 | Orc:1    | Received a gift from Okawaru
 20451 | Orc:2    | Entered Level 2 of the Orcish Mines
 20815 | Orc:2    | Reached XP level 15. HP: 127/134 MP: 15/15
 20864 | Orc:2    | Found a staircase to the Elven Halls.
 21855 | Orc:2    | Received a gift from Okawaru
 22308 | Orc:2    | Found Imazuck's Distillery.
 22308 | Orc:2    | Found Zasox's Jewellery Shop.
 22309 | Orc:2    | Found Yqowocib's Jewellery Shop.
 22309 | Orc:2    | Found Lyaq Ziloa's Assorted Antiques.
 22324 | Orc:2    | Reached skill level 20 in Shields
 22333 | Orc:2    | Bought a cursed ring of attention for 63 gold pieces
 22333 | Orc:2    | Bought a cursed ring of teleportation for 63 gold pieces
 22353 | Orc:2    | Bought a potion of curing for 39 gold pieces
 22353 | Orc:2    | Bought a potion of berserk rage for 65 gold pieces
 22356 | Orc:2    | Bought a glittering glass ring for 140 gold pieces
 22366 | Orc:2    | Identified the ring "Tanal" {rF+ rN++ Int+3} (You bought it
                  | in a shop on level 2 of the Orcish Mines)
 22513 | Orc:2    | Found Cifa's Magic Scroll Shoppe.
 22558 | Orc:2    | Bought a scroll of holy word for 97 gold pieces
 22558 | Orc:2    | Bought a scroll of magic mapping for 45 gold pieces
 22804 | Orc:1    | Found a runed translucent door.
 22804 | Orc:1    | Noticed Saltbearer's ghost (journeyman FoAK)
 23003 | Orc:1    | Killed Saltbearer's ghost
 23285 | D:13     | Found a gate to the Vaults.
 23683 | D:14     | Received a gift from Okawaru
 24044 | D:14     | Noticed Nessos
 24049 | D:14     | Killed Nessos
 24772 | D:15     | Received a gift from Okawaru
 25018 | D:15     | Found a staircase to the Depths.
 25169 | D:15     | Reached XP level 16. HP: 90/146 MP: 16/16
 25173 | D:15     | Reached skill level 21 in Shields
 25721 | Spider:1 | Entered Level 1 of the Spider Nest
 25738 | Spider:1 | Received a gift from Okawaru
 25760 | Spider:1 | Got a steaming hat {god gift}
 25771 | Spider:1 | Identified the -2 hat of the Beekeeper {rN+} (Okawaru
                  | gifted it to you on level 1 of the Spider Nest)
 27511 | Shoals:1 | Entered Level 1 of the Shoals
 27930 | Shoals:1 | Found a runed translucent door.
 28028 | Shoals:1 | Received a gift from Okawaru
 28057 | Shoals:1 | Found a shimmering altar of Xom.
 28057 | Shoals:1 | Noticed Thomus's ghost (adept MiBe)
 28709 | Shoals:1 | Reached skill level 15 in Fighting
 28779 | Shoals:1 | Noticed a kraken
 28841 | Shoals:1 | HP: 5/149 [kraken (22)]
 28841 | Shoals:1 | HP: 1/149 [tentacle[a kraken] (4)]
 29319 | Shoals:1 | Found Qoqu's Assorted Antiques.
 29327 | Shoals:1 | Bought a scroll of magic mapping for 73 gold pieces
 29327 | Shoals:1 | Bought a scroll of teleportation for 63 gold pieces
 29842 | Spider:2 | Noticed Arachne
 29882 | Spider:2 | Killed Arachne
 29882 | Spider:2 | Reached skill level 22 in Shields
 31039 | Spider:2 | Received a gift from Okawaru
 31463 | Spider:3 | Found a runed translucent gate.
 31464 | Spider:3 | Found a runed translucent gate.
 31465 | Spider:3 | Found a runed translucent gate.
 31533 | Spider:3 | Reached XP level 17. HP: 156/156 MP: 17/17
 31536 | Spider:3 | Noticed Ifythroe's ghost (adept CeHu)
 33355 | Spider:3 | Killed Ifythroe's ghost
 33667 | Spider:4 | Entered Level 4 of the Spider Nest
 34006 | Spider:4 | Reached skill level 23 in Shields
 34757 | Spider:4 | Received a gift from Okawaru
 36180 | Orc:2    | Bought the ring of the Mage {Wiz MR++ Int+3} for 723 gold
                  | pieces
 36180 | Orc:2    | Found the ring of the Mage {Wiz MR++ Int+3}
 36267 | Elf:1    | Entered Level 1 of the Elven Halls
 36452 | Elf:1    | Identified Adixa's Grimoire of Evil Arts
 37032 | Elf:1    | Reached skill level 15 in Armour
 37058 | Elf:1    | Gained mutation: Your magical capacity is low. (-10% MP) [a
                  | shining eye]
 37976 | Elf:2    | Found a shimmering blue altar of Sif Muna.
 38082 | Elf:2    | Found Zuse's Antique Weapon Shoppe.
 38639 | Shoals:2 | Reached XP level 18. HP: 123/166 MP: 16/16
 38729 | Shoals:2 | Received a gift from Okawaru
 38730 | Shoals:2 | Found the +2 hat of the Bear Spirit {Spirit, +Rage rN+
                  | MR++}
 39115 | Shoals:3 | Found Xouti's General Store.
 39555 | Shoals:3 | Found Qaodiwin's Antique Weapon Boutique.
 39841 | Shoals:3 | Bought a dazzling falchion for 192 gold pieces
 39842 | Shoals:3 | Identified the cursed +2 falchion "Ynyineack" {slice, rElec
                  | rPois MR+ MP+9} (You bought it in a shop on level 3 of the
                  | Shoals)
 39897 | Shoals:3 | Bought a scroll of blinking for 105 gold pieces
 39897 | Shoals:3 | Bought a scroll of fear for 49 gold pieces
 39969 | Shoals:3 | Reached skill level 24 in Shields
 40027 | Shoals:3 | Found Zewoets's Weapon Shop.
 40031 | Shoals:3 | Found Qitwobod's Antique Weapon Emporium.
 40035 | Shoals:3 | Found Xotaddoo's Antique Armour Shop.
 42587 | Spider:4 | Found a runed translucent door.
 42649 | Spider:4 | Noticed sneaky's ghost (adept GrEE)
 42671 | Spider:4 | Received a gift from Okawaru
 42689 | Spider:4 | Killed sneaky's ghost
 42696 | Spider:4 | Got an encrusted demon blade {god gift}
 42697 | Spider:4 | Identified the +5 demon blade of Gere {flame, rF+ Dex+4}
                  | (Okawaru gifted it to you on level 4 of the Spider Nest)
 42780 | Spider:4 | Got a gossamer rune of Zot
 42999 | Shoals:4 | Entered Level 4 of the Shoals
 43097 | Shoals:4 | Found a large runed translucent door.
 43097 | Shoals:4 | Found a large runed translucent door.
 43098 | Shoals:4 | Noticed FishyPogo's ghost (adept DsGl)
 43101 | Shoals:4 | Noticed Ilsuiw
 43147 | Shoals:4 | Killed Ilsuiw
 43421 | Shoals:4 | Received a gift from Okawaru
 44723 | Shoals:4 | Received a gift from Okawaru
 44723 | Shoals:4 | Reached skill level 25 in Shields
 45674 | Shoals:4 | Got a barnacled rune of Zot
 46344 | Elf:2    | Reached XP level 19. HP: 174/174 MP: 17/17
 46470 | Elf:2    | Found a runed translucent gate.
 46471 | Elf:2    | Found a runed translucent gate.
 46476 | Elf:2    | Found a runed translucent gate.
 46694 | Elf:3    | Entered Level 3 of the Elven Halls
 46857 | Elf:3    | Received a gift from Okawaru
 47805 | Elf:3    | Identified the ring of Tuqoameu {*Tele rElec rPois rF+
                  | Str-5}
 47806 | Elf:3    | Identified the amulet of Qefer Fia {Acrobat rF+}
 47813 | Elf:3    | Identified the +2 long sword "Secret Weapon" {antimagic,
                  | rPois}
 48726 | Elf:3    | Identified the Almanac of Untold Secrets
 48734 | Elf:3    | Got a transparent great sword
 48771 | Elf:3    | Identified the Catalogue of Attacks
 49144 | Lair:1   | Identified the +7 great sword of Inquiry {vamp, Dex+4} (You
                  | found it on level 3 of the Elven Halls)
 50073 | Elf:2    | Received a gift from Okawaru
 50076 | Elf:2    | Got a polished chain mail {god gift}
 50087 | Elf:2    | Identified the +1 chain mail of Generosity {rF+ rC+ MR+}
                  | (Okawaru gifted it to you on level 2 of the Elven Halls)
 50475 | Vaults:1 | Entered Level 1 of the Vaults
 50524 | Vaults:1 | Reached skill level 26 in Shields
 50842 | Vaults:1 | Reached XP level 20. HP: 187/187 MP: 18/18
 50911 | Vaults:1 | Reached skill level 5 in Dodging
 51027 | Vaults:1 | Received a gift from Okawaru
 51616 | Vaults:1 | Found Buuschie's Assorted Antiques.
 51875 | Vaults:1 | Got a shimmering dagger
 52372 | Vaults:1 | Identified the +5 hunting sling of Precise Incision
                  | {freeze, rC+ Int+4}
 52394 | Vaults:1 | HP: 6/188 [vault sentinel/+0 morningstar (16)]
 52394 | Vaults:1 | Slain by a fire giant

Levels and vault maps discovered:
D:1:      dpeg_arrival_brainrot, layout_loops_ring, serial_forest,
          infiniplex_forest_clump_small, infiniplex_forest_straight_1,
          infiniplex_forest_lined_1, infiniplex_forest_clump_tiny,
          infiniplex_forest_diagonal, infiniplex_forest_end_double,
          infiniplex_forest_clump_C
D:2:      layout_basic, uniq_jessica
D:3:      layout_basic, okawaru_altar_gauntlet_db, overflow_temple_1_default,
          first_ration, fedhas_altar_3, uniq_terence
D:4:      layout_loops_ring, grunt_gozag_breadcrumbs, grunt_ministairs_13,
          uniq_crazy_yiuf_cottage
D:5:      cheibrodos_thug_alley, layout_cave_pods, kennysheep_mini,
          kennysheep_mini_moat, xom_teletrap_fun
D:6:      layout_rooms, nicolae_overflow_hidden_temple, lemuel_crystal_altar,
          dancing_weapons_uskayaw, lemuel_coloured_pillars_altar, dk_vineyard_2,
          uniq_sigmund
D:7:      layout_basic, minmay_temple_entry_glassed_door, grunt_livestock,
          glass_columns_a, minmay_misc_feat_encased
D:8:      layout_loops_corners, serial_shops,
          nicolae_shop_temple_entry_statues_fountains, uniq_erica
D:9:      layout_roguey, old_standard_altar, dpeg_lair_monsters
D:10:     layout_loops_corners, serial_shops, nicolae_shop_stone, basic_altar,
          st_stairs_11, nrook_mini_vaults, uniq_psyche, uniq_fannar, uniq_grum
D:11:     layout_loops_ring, st_stairs_12
D:12:     layout_long_grid, david_orc_2, minmay_microvault, uniq_snorg
D:13:     layout_long_grid, ximxim_vaults_locker_room
D:14:     layout_loops_cross, hangedman_decor_diamond_cutter, minivault_5,
          uniq_nessos
D:15:     gammafunk_enter_depths_forms, layout_stronghold,
          minmay_misc_feat_diagonals, minivault_16
Temple:   jpeg_temple_clearing
Lair:1:   layout_hall_layers, grunt_megastairs_2, serial_bayou_shore_a,
          serial_bayou_shore_b
Lair:2:   layout_gridlike, beast_lair_carwin_1
Lair:3:   regret_index_bee_streams, layout_chaotic_city,
          nicolae_spider_entry_tight_spaces, lemuel_old_faithful,
          infiniplex_staircase_pool
Lair:4:   layout_cave_pods, minmay_shoals_entry_beasts, enter_volcano_1,
          chequers_serial_rivers_micro_c
Lair:5:   layout_cave_pods, minmay_slime_entry_pillars
Lair:6:   hangedman_lair_tendril_chambers, layout_regular_city,
          portal_ice_cave_entry_ice_beasts, grunt_megastairs_3
Shoals:1: layout_shoals, ebering_ghost_xom, serial_shops, shop
Shoals:2: layout_shoals
Shoals:3: layout_shoals, serial_shops, shop, nicolae_shop_waterfront,
          shop_coins, shop_fountains, shop
Shoals:4: shoals_end_grunt_ice, layout_shoals, shoal_ilsuiw,
          ebering_ghost_disaster_area
Spider:1: layout_spider_delve
Spider:2: layout_spider_delve, uniq_arachne
Spider:3: layout_chambers, gammafunk_ghost_split, guppyfry_spider_mini_1
Spider:4: grunt_spider_rune_island, ebering_ghost_inner_flame, drop_trap,
          spiders_nest_the_unseen
Orc:1:    layout_caves, ebering_ghost_inner_flame, uniq_josephine
Orc:2:    st_orc_pillars, layout_caves, serial_shops, shop
Elf:1:    layout_gridlike, minmay_elf_necromancy, abandoned_shop,
          patterned_corridor
Elf:2:    layout_rooms, basic_altar, serial_shops, nicolae_shop_stone,
          hangedman_elven_pyramids, minivault_5
Elf:3:    grunt_elf_hall_branching, layout_geoelf_diagonals
Vaults:1: st_greater_box_4, v_misc_17, nicolae_vaults_theta,
          nicolae_vaults_little_squares_6, v_rooms_1,
          nicolae_vaults_ring_of_whatevers, layout_vaults_chaotic_city,
          serial_shops, nicolae_shop_overgrown_old_shop

Skill      XL: |  1  2  3  4  5  6  7  8  9 10 11 12 13 14 15 16 17 18 19 20 |
---------------+-------------------------------------------------------------+-----
Shields        | 4 5 6 8 10 12 13 15 17 19 20 22 23 25 26 | 26.6
Fighting       | 4 5 6 7 8 9 10 11 12 14 15 16 17 18 | 18.2
Armour         | 4 5 6 7 9 10 11 12 13 14 15 16 | 16.7
Long Blades    | 3 4 5 7 9 11 12 14 15 16 17 18 19 | 19.6
Dodging        | 1 2 3 4 5 |  5.3
Stealth        | 1 2 |  2.0
Invocations    | 1 2 |  2.7
Evocations     | |  0.1

Action                   |  1- 3 |  4- 6 |  7- 9 | 10-12 | 13-15 | 16-18 | 19-21 || total
-------------------------+-------+-------+-------+-------+-------+-------+-------++-------
Melee: Long sword        |    76 |   188 |   447 |    35 |       |       |       ||   746
       Headbutt          |     9 |    34 |    91 |   177 |   419 |   592 |   225 ||  1547
       Unarmed           |       |       |     2 |       |       |       |       ||     2
       Scimitar          |       |       |       |   778 |  1686 |  1615 |       ||  4079
       Demon blade       |       |       |       |       |       |   373 |   718 ||  1091
       Falchion          |       |       |       |       |       |   290 |       ||   290
Invok: Heroism           |       |       |     2 |     8 |    11 |    17 |     5 ||    43
       Finesse           |       |       |       |       |     1 |       |       ||     1
Evoke: Wand              |       |       |       |       |     5 |       |     1 ||     6
  Use: Potion            |     3 |     2 |       |     1 |     1 |    13 |     1 ||    21
       Scroll            |       |       |     7 |    11 |    11 |    14 |     5 ||    48
  Eat: Chunk             |       |     8 |    10 |    12 |    34 |    41 |    11 ||   116
       Ration            |       |       |       |     2 |     3 |     9 |     2 ||    16
Armor: Scale mail        |    39 |    24 |       |       |       |       |       ||    63
       Plate armour      |       |    69 |   160 |   262 |   604 |  1095 |    77 ||  2267
       Chain mail        |       |    14 |       |       |       |       |    73 ||    87
Dodge: Dodged            |    26 |    36 |    40 |   109 |   292 |   521 |   103 ||  1127
Block: Shield            |    47 |    73 |       |       |       |       |       ||   120
       Large shield      |       |    35 |   354 |   764 |  2011 |  2913 |   714 ||  6791
       Reflection        |       |       |       |       |    51 |   143 |    43 ||   237
       Rpst.: Long sword |     6 |    10 |    17 |       |       |       |       ||    33
       Scimitar          |       |       |       |    23 |    68 |    65 |       ||   156
       Falchion          |       |       |       |       |       |    14 |       ||    14
       Demon blade       |       |       |       |       |       |     3 |    20 ||    23
